 Dungeon Crawl Stone Soup version 0.30.0 (webtiles) character file.

Game seed: 8834006555672333999

8194 PhreddPewter the Cleaver (level 11, -2/97 HPs)
             Began as a Minotaur Berserker on Nov 19, 2023.
             Was a High Priest of Trog.
             Killed from afar by a naga (6 damage)
             ... with a splash of poison
             ... on level 2 of the Lair of Beasts.
             The game lasted 00:54:49 (9072 turns).

PhreddPewter the Cleaver (Minotaur Berserker)       Turns: 9072, Time: 00:54:50

Health: -2/97      AC: 14    Str: 31    XL:     11   Next: 6%
Magic:  10/10      EV:  9    Int:  4    God:    Trog [*****.]
Gold:   875        SH:  0    Dex: 11    Spells: 10/10 levels left

rFire   . . .        X - +3 broad axe
rCold   . . .        (no shield)
rNeg    . . .        U - +0 plate armour
rPois   .            (helmet restricted)
rElec   .            (no cloak)
rCorr   +            (no gloves)
SInv    .            (no boots)
Will    .....        A - amulet of regeneration Stlth
                     H - ring of resist corrosion
HPRegen 1.16/turn    a - +6 ring of strength
MPRegen 0.12/turn

%: no passive effects
@: lethally poisoned (-2 -> -5)
A: horns 2, retaliatory headbutt
a: Renounce Religion, Berserk, Trog's Hand, Brothers in Arms


You were on level 2 of the Lair of Beasts.
You worshipped Trog.
Trog was extremely pleased with you.
You visited 2 branches of the dungeon, and saw 11 of its levels.
You also visited: Ossuary.

You collected 875 gold pieces.

Inventory:

Hand Weapons
 l - a +0 battleaxe
 s - a +1 dagger of venom
 x - a +1 whip of freezing
 C - a +0 scythe
 D - a +0 flail of holy wrath
 G - a +0 hand axe of electrocution
 O - a +3 quarterstaff of chaos
 Q - a +0 hand axe of flaming
 W - a +0 war axe
 X - a +3 broad axe (weapon)
Missiles
 u - 10 boomerangs (quivered)
Armour
 q - a +0 chain mail
 I - a +0 pair of boots
 U - a +0 plate armour (worn)
Jewellery
 a - a +6 ring of strength (right hand)
 p - a +6 ring of dexterity
 A - an amulet of regeneration (around neck)
 E - a +6 ring of dexterity
 H - a ring of resist corrosion (left hand)
 V - an amulet of magic regeneration
Wands
 y - a wand of roots (15)
 S - a wand of light (8)
 T - a wand of mindburst (7)
 Y - a wand of charming (3)
Scrolls
 b - 10 scrolls of noise
 c - 5 scrolls of blinking {unknown}
 f - 3 scrolls of amnesia {unknown}
 g - 10 scrolls of identify {unknown}
 h - a scroll of vulnerability {unknown}
 k - 2 scrolls of teleportation {unknown}
 n - 5 scrolls of enchant weapon {unknown}
 r - 10 scrolls of immolation
 t - 2 scrolls of fear {unknown}
 w - 3 scrolls of fog {unknown}
 B - 3 scrolls of enchant armour {unknown}
 F - a scroll of poison {unknown}
 R - a scroll of silence {unknown}
Potions
 d - 4 potions of flight {unknown}
 e - 2 potions of brilliance {unknown}
 i - 4 potions of heal wounds {unknown}
 j - 11 potions of degeneration
 m - 9 potions of curing {unknown}
 o - 2 potions of berserk rage {unknown}
 v - 2 potions of cancellation {unknown}
 z - a potion of haste {unknown}
 J - 3 potions of lignification {unknown}
 K - 2 potions of attraction {unknown}
 L - 2 potions of resistance {unknown}
 M - a potion of magic {unknown}
 N - 2 potions of mutation {unknown}
 P - a potion of ambrosia {unknown}


   Skills:
 + Level 9.1 Fighting
 + Level 13.2 Axes
 + Level 10.7 Armour
 + Level 4.4 Dodging
 - Level 1.1 Stealth
 * Level 7.6 Shields


You had 10 spell levels left.
You didn't know any spells.
Your spell library contained the following spells:

 Spells                   Type           Power      Damage    Failure   Level
 Chain Lightning          Conj/Air       0%         N/A       100%        9
 Fire Storm               Conj/Fire      0%         5d1       100%        9
 Shatter                  Erth           0%         3d5*      100%        9


Dungeon Overview and Level Annotations

Branches:
Dungeon (9/15)             Temple (0/1) D:7            Lair (2/5) D:9
  Snake (0/4) Lair:2      Ossuary (visited)
  Swamp: Lair:2-3    Shoals: Lair:2-3       Orc: D:9-12

Altars:
Dithmenos
Gozag
Makhleb
Nemelex Xobeh
Okawaru
Qazlal
Ru
Sif Muna
Trog
Uskayaw
Xom
Zin
The Shining One

Shops:
D:1 (   D:2 [   D:9 =


Innate Abilities, Weirdness & Mutations

You have a pair of horns on your head.
You reflexively headbutt those who attack you in melee.


Message History

The naga spits poison at you.
The splash of poison hits you but does no damage.
You are poisoned.
The naga constricts you.
You slice the naga!!
You kill the naga!
Trog accepts your kill.
You feel sick. The naga spits poison at you.
The splash of poison hits you but does no damage.
You are more poisoned.
You feel sick.
You feel sick. The naga spits poison at you.
The splash of poison hits you but does no damage.
You are more poisoned.
You hit the naga but do no damage.
You feel sick. The naga spits poison at you.
The splash of poison hits you but does no damage.
You are more poisoned.
The naga hits you with a +0 glaive.
* * * LOW HITPOINT WARNING * * *
The naga grabs you. The naga constricts you.
* * * LOW HITPOINT WARNING * * *
You slash the naga!
The naga is moderately wounded.
You feel very sick.
The naga hits you from afar with a +0 trident!!
* * * LOW HITPOINT WARNING * * *
You escape the naga's grasp.
You feel sick. The naga misses you.
You feel sick.
You feel sick. The naga spits poison at you. The splash of poison misses you.
The splash of poison hits the fungus.
The fungus begins to die.
You feel sick. The naga spits poison at you. The splash of poison hits you.
You are more poisoned.
You die...

. .## ###### ...#
##..#.####...# ..
#............#
...(#).$.........#
.......)N.........#
..>.....N...@P##...
..............#
......#.......#
......###.P..##
#...## ...+...#
.... ....#..P#
........##
#.......#


You could see 2 nagas.

Vanquished Creatures
  Pikel (D:4)
  A black mamba (Lair:1)
  A cane toad (Lair:1)
  A rime drake (Lair:1)
  2 komodo dragons (Lair:1)
  A troll (D:9)
  Grinder (D:4)
  A shadow (D:9)
  Sigmund (D:5)
  A vampire (D:9)
  8 yaks (Lair:1)
  A steam dragon (Lair:1)
  Grum (D:9)
  2 nagas (Lair:2)
  Edmund (D:5)
  3 water moccasins
  3 sky beasts
  A black bear (D:9)
  2 orc warriors
  An ogre (D:6)
  4 wolves (D:9)
  2 centaurs (D:8)
  2 phantoms
  5 bullfrogs
  A kobold brigand (D:9)
  4 scorpions
  A gnoll sergeant (D:9)
  6 howler monkeys
  3 hounds
  2 gnoll boudas
  A jelly (D:8)
  3 orc priests
  3 quasits (D:7)
  Crazy Yiuf (D:7)
  Ijyb (D:4)
  A sleepcap (D:5)
  A human zombie (Ossuary)
  4 iguanas
  10 orc wizards
  4 mummies (Ossuary)
  Robin (D:4)
  10 adders
  14 gnolls
  4 shadow imps
  9 white imps
  2 ufetubi
  2 worms (D:2)
  2 dart slugs
  18 orcs
  6 bats
  8 endoplasms
  3 giant cockroaches
  10 goblins
  9 hobgoblins
  5 jackals
  7 quokkas
  8 ball pythons
  2 frilled lizards
  2 gnoll zombies (Ossuary)
  A goblin zombie (Ossuary)
  2 hobgoblin zombies (Ossuary)
  7 kobolds
  2 kobold zombies (Ossuary)
  4 rats
231 creatures vanquished.

Vanquished Creatures (others)
  6 demonic plants (D:7)
  10 fungi
  12 plants
28 creatures vanquished.

Grand Total: 259 creatures vanquished

Notes
Turn   | Place    | Note
-------+----------+-------------------------------------------
     0 | D:1      | PhreddPewter the Minotaur Berserker began the quest for the
                  | Orb.
     0 | D:1      | Reached XP level 1. HP: 19/19 MP: 0/0
   161 | D:1      | Found Kaiviane's Weapon Boutique.
   202 | D:1      | Reached skill level 4 in Axes
   202 | D:1      | Reached XP level 2. HP: 27/27 MP: 1/1
   471 | D:1      | Reached ** piety under Trog
   604 | D:2      | Reached XP level 3. HP: 32/33 MP: 2/2
   771 | D:2      | Reached XP level 4. HP: 38/41 MP: 3/3
   909 | D:2      | Found Helil's Antique Armour Shop.
   913 | D:2      | Reached skill level 5 in Axes
  1162 | D:2      | Found a bloodstained altar of Trog.
  1845 | D:3      | Found a shimmering altar of Xom.
  1846 | D:3      | Found a shimmering altar of Xom.
  1847 | D:3      | Found a shimmering altar of Xom.
  1849 | D:3      | Found a shimmering altar of Xom.
  1850 | D:3      | Found a shimmering altar of Xom.
  1851 | D:3      | Found a shimmering altar of Xom.
  1852 | D:3      | Found a shimmering altar of Xom.
  1869 | D:3      | Found a bloodstained altar of Trog.
  1871 | D:3      | Found a sparkling altar of Nemelex Xobeh.
  1912 | D:3      | Found a burning altar of Makhleb.
  1914 | D:3      | Found an iron altar of Okawaru.
  2503 | D:4      | Reached XP level 5. HP: 35/47 MP: 4/4
  2595 | D:4      | Noticed Robin
  2602 | D:4      | Killed Robin
  2830 | D:4      | Noticed a phantom
  2833 | D:4      | Killed a phantom
  2834 | D:4      | Reached skill level 6 in Axes
  2834 | D:4      | Reached XP level 6. HP: 51/55 MP: 5/5
  2958 | D:4      | Noticed Grinder
  2969 | D:4      | Killed Grinder
  2970 | D:4      | Reached skill level 5 in Fighting
  2970 | D:4      | Reached skill level 7 in Axes
  3097 | D:4      | Noticed Pikel
  3114 | D:4      | Killed Pikel
  3115 | D:4      | Reached skill level 8 in Axes
  3115 | D:4      | Reached skill level 5 in Armour
  3115 | D:4      | Reached skill level 1 in Stealth
  3115 | D:4      | Reached XP level 7. HP: 51/61 MP: 6/6
  3213 | D:4      | Noticed Ijyb
  3222 | D:4      | Killed Ijyb
  3222 | D:4      | Reached *** piety under Trog
  3522 | D:4      | Found a shadowy altar of Dithmenos.
  3533 | D:4      | Reached XP level 8. HP: 70/70 MP: 7/7
  3701 | D:5      | Entered Level 5 of the Dungeon
  3720 | D:5      | Reached skill level 9 in Axes
  3730 | D:5      | Reached skill level 1 in Shields
  3732 | D:5      | Noticed Sigmund
  3742 | D:5      | Killed Sigmund
  3797 | D:5      | Noticed Edmund
  3808 | D:5      | Killed Edmund
  4144 | D:5      | Found a stormy altar of Qazlal.
  4368 | D:5      | Found a hide-covered altar of Uskayaw.
  4368 | D:5      | Found a glowing golden altar of the Shining One.
  4401 | D:5      | Reached skill level 10 in Axes
  4711 | D:6      | Found a sacrificial altar of Ru.
  4743 | D:6      | Reached **** piety under Trog
  4915 | D:6      | Reached XP level 9. HP: 46/78 MP: 8/8
  5361 | D:7      | Found a glowing silver altar of Zin.
  5454 | D:7      | Found a sand-covered staircase.
  5461 | Ossuary  | Entered an ossuary
  5894 | D:7      | Found a staircase to the Ecumenical Temple.
  6252 | D:7      | Found a runed translucent door.
  6253 | D:7      | Noticed Crazy Yiuf
  6261 | D:7      | Killed Crazy Yiuf
  6475 | D:8      | Reached skill level 11 in Axes
  6610 | D:8      | Reached skill level 5 in Shields
  6792 | D:8      | Reached ***** piety under Trog
  6980 | D:8      | Found an opulent altar of Gozag.
  6980 | D:8      | Found a shimmering blue altar of Sif Muna.
  7080 | D:9      | Found a staircase to the Lair.
  7239 | D:9      | Received a gift from Trog
  7317 | D:9      | Found Naot's One-of-a-Kind Rings.
  7346 | D:9      | Reached XP level 10. HP: 50/88 MP: 9/9
  7423 | D:9      | Noticed a deep elf pyromancer
  7423 | D:9      | Noticed a boulder beetle
  7423 | D:9      | Noticed a four-headed hydra
  7423 | D:9      | Noticed a centaur warrior
  7427 | D:9      | Noticed a manticore
  7635 | D:9      | Reached skill level 12 in Axes
  7637 | D:9      | Noticed Grum
  7652 | D:9      | Killed Grum
  7981 | D:9      | Noticed a sea snake
  7984 | D:9      | a sea snake changed into a snapping turtle
  8062 | Lair:1   | Entered Level 1 of the Lair of Beasts
  8084 | Lair:1   | Noticed a cane toad
  8092 | Lair:1   | Killed a cane toad
  8198 | Lair:1   | Noticed a black mamba
  8205 | Lair:1   | Killed a black mamba
  8294 | Lair:1   | Reached skill level 10 in Armour
  8483 | Lair:1   | Reached skill level 13 in Axes
  8527 | Lair:1   | Reached XP level 11. HP: 47/97 MP: 10/10
  9053 | Lair:2   | Found a staircase to the Snake Pit.
  9071 | Lair:2   | HP: 4/97 [poisoned by a naga (splash of poison)]
  9072 | Lair:2   | Killed from afar by a naga

Illustrated notes

Levels and vault maps discovered:
D:1:      dpeg_arrival_castle, layout_rooms, serial_shops,
          nicolae_shop_back_alley_shop, kennysheep_decorative_pillar
D:2:      layout_loops_ring, serial_shops, nicolae_shop_trees, basic_altar,
          minmay_randomly_rotated_circles
D:3:      layout_loops_corners, nicolae_xom_altar_mimics,
          nicolae_overflow_hidden_temple
D:4:      layout_basic, lemuel_doored_altar, minmay_liquid_box,
          eino_tiny_chamber, uniq_robin, uniq_pikel, uniq_grinder, uniq_ijyb
D:5:      layout_loops_ring, nicolae_qazlal_general_emergency,
          jmf_multi_god_temple, st_stairs_8, dreamdust_princess_bridge,
          minmay_between, uniq_edmund, uniq_sigmund
D:6:      layout_gridville, mainiacjoe_overflow_small_starburst
D:7:      layout_loops_cross, zin_treasury, minmay_temple_entry_glassed_door,
          chequers_ossuary_entry_cave, serial_demonic, serial_demonic_d,
          serial_demonic_b, serial_demonic_a, serial_demonic_f,
          uniq_crazy_yiuf_cottage
D:8:      layout_cave_pools, gammafunk_temple_overflow_elements, kennysheep_dice
D:9:      layout_irregular_city, grunt_lair_entry_orc_guard_hut,
          nicolae_shop_unique_rings, onia_ninara_dug_in_and_dangerous, uniq_grum
Lair:1:   layout_misc_corridors, serial_rivers, chequers_serial_rivers_marsh,
          chequers_serial_rivers_micro_c, chequers_serial_rivers_small_b,
          chequers_serial_rivers_small_a, grunt_megastairs_3,
          serial_bayou_shore_b
Lair:2:   layout_chaotic_city, elwin_shoals_entry_rooms,
          minmay_snake_entry_guardpost_small, lemuel_fruit_tree,
          grunt_megastairs_2, lemuel_fruit_fields

Skill      XL: |  1  2  3  4  5  6  7  8  9 10 |
---------------+-------------------------------+-----
Axes           | 4 5 6 8 10 11 13 | 13.2
Fighting       | 4 5 6 7 9 |  9.1
Armour         | 3 4 5 6 7 8 10 | 10.7
Dodging        | 3 4 |  4.4
Stealth        | 1 |  1.1
Shields        | 3 5 7 |  7.6

Action                     |  1- 3 |  4- 6 |  7- 9 | 10-12 || total
---------------------------+-------+-------+-------+-------++-------
  Melee: Hand axe          |    62 |       |   267 |       ||   329
         Headbutt          |     6 |    13 |    75 |    26 ||   120
         Punch             |     1 |       |     5 |     1 ||     7
         Battleaxe         |     8 |    86 |    89 |       ||   183
         Broad axe         |       |       |     8 |   131 ||   139
 Armour: Animal skin       |     4 |       |       |       ||     4
         Ring mail         |    19 |    15 |       |       ||    34
         Chain mail        |       |    26 |   139 |       ||   165
         Plate armour      |       |       |    40 |    60 ||   100
  Dodge: Dodged            |    53 |    41 |   131 |    55 ||   280
